 Dungeon Crawl Stone Soup version 0.31-a0-981-geadf994542 (webtiles) character file.

Game seed: 13634617819371291021

10611 Maratek the Thaumaturge (level 11, -1/76 HPs)
             Began as a Djinni Fire Elementalist on Oct 31, 2023.
             Was an Initiate of Yredelemnul.
             Shot with an arrow by a centaur warrior (2 damage)
             ... on level 11 of the Dungeon on Nov 1, 2023.
             The game lasted 00:38:53 (14503 turns).

Maratek the Thaumaturge (Djinni Fire Elementalist) Turns: 14503, Time: 00:38:54

Health: -1/76      AC:  7    Str:  2    XL:     11   Next: 96%
Gold:   624        EV: 17    Int: 32    God:    Yredelemnul [......] SH:  0 Dex: 15

rFire   + + +        w - staff of Theory {rElec rF+ Str-5 Int+6 Fire}
rCold   x . .        (no shield)
rNeg    . . .        a - +0 robe
rPois   ∞            e - +2 helmet
rElec   +            z - +0 cloak
rCorr   .            G - +0 pair of gloves
SInv    .            (boots unavailable)
Will    +....        (no amulet)
Stlth   +++          k - ring of wizardry
HPRegen 0.32/turn    j - +6 ring of intelligence
MPRegen 0.00/turn

%: wizardry (x1), infuse magic (-2 HP)
@: flying
A: sickness immunity, fire resistance 2, cold vulnerability 1, float, innate
caster, HP casting, extra vitality 1
a: Renounce Religion, Recall Undead Harvest


You were on level 11 of the Dungeon.
You worshipped Yredelemnul.
Yredelemnul was noncommittal.
You visited 2 branches of the dungeon, and saw 12 of its levels.

You collected 650 gold pieces.
You spent 26 gold pieces at shops.

Inventory:

Hand Weapons
 h - a +5 vampiric war axe
Armour
 a - a +0 robe (worn)
 e - a +2 helmet (worn)
 z - a +0 cloak (worn)
 G - a +0 pair of gloves (worn)
Magical Staves
 w - the staff of Theory (weapon) {rElec rF+ Str-5 Int+6 Fire}
   (You found it on level 5 of the Dungeon)

   [staff of fire]

   Base accuracy: +5 Base damage: 5 Base attack delay: 1.2 This weapon's minimum
   attack delay (0.6) is reached at skill level 12.
   Str-5:     It affects your strength (-5).
   Int+6:     It affects your intelligence (+6).
   rF+:       It protects you from fire.
   rElec:     It insulates you from electricity.
   Fire:      It increases the power of your Fire spells.
   It falls into the 'Staves' category.
   It is a one-handed weapon.
Jewellery
 g - a ring of resist corrosion
 j - a +6 ring of intelligence (right hand)
 k - a ring of wizardry (left hand)
 q - a +6 ring of strength
 t - a ring of see invisible
Wands
 d - a wand of flame (45)
 o - a wand of roots (12)
 y - a wand of charming (12)
 E - a wand of digging (6)
Scrolls
 f - a scroll of teleportation
 l - 6 scrolls of poison
 p - a scroll of revelation
 v - a scroll of amnesia
 A - a scroll of immolation
 H - 3 scrolls of noise
Potions
 b - 4 potions of enlightenment {unknown}
 c - 5 potions of curing {unknown}
 i - 2 potions of ambrosia {unknown}
 m - a potion of might {unknown}
 n - 3 potions of mutation {unknown}
 r - a potion of invisibility {unknown}
 s - a potion of brilliance {unknown}
 u - 2 potions of degeneration {unknown}
 x - a potion of haste {unknown}
 B - a potion of magic {unknown}
 C - a potion of lignification {unknown}
 I - a potion of heal wounds {unknown}


   Skills:
 + Level 6.1 Fighting
 + Level 10.0 Dodging
 + Level 6.2 Stealth
 + Level 0.2 Unarmed Combat
 + Level 10.2 Spellcasting
 + Level 10.2 Conjurations
 + Level 10.2 Hexes
 + Level 10.2 Summonings
 + Level 10.2 Necromancy
 + Level 10.2 Translocations
 + Level 10.2 Transmutations
 + Level 10.2 Fire Magic
 + Level 10.2 Ice Magic
 + Level 10.2 Air Magic
 + Level 10.2 Earth Magic
 + Level 10.2 Poison Magic


You knew the following spells:

 Your Spells              Type           Power      Damage    Failure   Level
a - Foxfire               Conj/Fire      100%       2x1d9     1%          1
b - Scorch                Fire           100%       2d9       1%          2
c - Volatile Blastmotes   Fire/Tloc      100%       2d18      1%          3
d - Inner Flame           Hex/Fire       89%        N/A       1%          3
e - Flame Wave            Conj/Fire      89%        2d19      1%          4
f - Summon Small Mammal   Summ           100%       N/A       1%          1
g - Wereblood             Tmut           70%        N/A       1%          2
h - Sigil of Binding      Hex            70%        N/A       1%          3
i - Dimensional Bullseye  Hex/Tloc       35%        N/A       1%          4
j - Cause Fear            Hex            35%        N/A       1%          4
Your spell library was empty.

Dungeon Overview and Level Annotations

Branches:
Dungeon (11/15)            Temple (1/1) D:6            Lair (0/5) D:10
    Orc: D:9-12

Altars:
Ashenzari
Cheibriados
Dithmenos
Elyvilon
Fedhas
Gozag
Hepliaklqana
Makhleb
Nemelex Xobeh
Okawaru
Qazlal
Ru
Trog
Uskayaw
Wu Jian
Xom
Yredelemnul
Zin
The Shining One

Shops:
D:2 ?

Annotations:
D:4 3 runed translucent doors, Crescendo's ghost, weakling DsDe; bmj180's ghost, amateur HuCj
D:6 1 runed translucent door, Crazy Yiuf
D:9 exclusion: ice statue


Innate Abilities, Weirdness & Mutations

You are immune to sickness and miasma.
You are immune to poison.
Your flesh is very heat resistant. (rF++)
You are vulnerable to cold. (rC-)
You float through the air rather than walking.
You learn spells naturally, not from books.
Your magical power is your life essence.
You have superior vitality. (+4 MHP)


Message History

The flame wave engulfs the large slime creature!!
You kill the large slime creature!
The dead are walking!
A slime creature comes into view.
Your Dodging skill increases to level 10!
A centaur warrior comes into view.
The centaur warrior wields a +0 shortbow.
The centaur warrior shoots an arrow.
The arrow hits your slime creature zombie!!
Something hits your slime creature zombie.
Something completely misses your slime creature zombie.
Your slime creature zombie hits the centaur warrior!
The centaur warrior wields a +0 shortbow.
The centaur warrior shoots an arrow.
The arrow hits you but does no damage.
Found a stone staircase leading down.
Something hits your slime creature zombie!
Something kicks your slime creature zombie.
Something hits your slime creature zombie.
Something kicks your slime creature zombie.
The centaur warrior wields a +0 shortbow.
The centaur warrior shoots an arrow.
The arrow barely misses you.
Your slime creature zombie barely misses the centaur warrior.
Something hits your slime creature zombie.
Something kicks your slime creature zombie.
The centaur warrior hits your slime creature zombie.
The centaur warrior kicks your slime creature zombie.
Your slime creature zombie is destroyed!
The centaur warrior wields a +0 shortbow.
The centaur warrior shoots an arrow.
The arrow hits you!!
* * * LOW HITPOINT WARNING * * *
The centaur warrior shoots an arrow.
The arrow barely misses you.
The centaur warrior shoots an arrow.
The arrow closely misses you.
The centaur warrior shoots an arrow.
The arrow misses you.
The centaur warrior shoots an arrow.
The arrow hits you.
* * * LOW HITPOINT WARNING * * *
The centaur warrior shoots an arrow.
The arrow hits you!
* * * LOW HITPOINT WARNING * * *
The centaur warrior shoots an arrow.
The arrow hits you.
You die...
Your body rises from the dead as a mindless zombie.

.............##.##..
.........#....#....##..
.........##............
#.....<.##..............
##.....<##..............
........###............
......................#
........)........##.#.#
...............@..#..#
.....................##.
.............##......#...
.#..........####.........
##..........#....##.#..#
#...........#....##.#.###
....................#...#
#.........c...##..# #
#........##)...##


You could see a centaur warrior.

Vanquished Creatures
  A two-headed ogre (D:9)
  An ugly thing (D:8)
  An elephant (D:10)
  An unseen horror (D:9)
  A kobold demonologist (D:10)
  A hornet (D:9)
  Grinder (D:6)
  2 slime creatures (D:11)
  13 yaks (D:9)
  4 vampire mosquitoes
  A two-headed ogre zombie (D:9)
  Duvessa (D:6)
  3 water moccasins
  A black bear (D:8)
  2 sky beasts
  A hornet zombie (D:9)
  6 orc warriors
  2 ice beasts
  3 ogres
  3 centaurs
  2 phantoms (D:6)
  5 bullfrogs
  2 scorpions (D:6)
  A gnoll sergeant (D:6)
  8 wights
  Dowan (D:6)
  11 killer bees
  5 howler monkeys
  A bullfrog zombie (D:9)
  6 hounds
  2 jellies
  5 orc priests
  2 sleepcaps
  A gnoll bouda (D:7)
  Jessica (D:3)
  2 iguanas (D:5)
  9 orc wizards
  A killer bee zombie (D:9)
  Robin (D:3)
  7 gnolls
  7 adders
  4 river rats (D:5)
  A shadow imp (D:8)
  2 white imps
  4 worms
  2 dart slugs
  35 orcs
  4 endoplasms (D:3)
  A giant cockroach (D:1)
  13 goblins
  4 hobgoblins (D:3)
  4 jackals (D:2)
  5 kobolds
  2 quokkas
  5 ball pythons
  10 bats
  5 frilled lizards
  An orc zombie (D:9)
  7 rats
238 creatures vanquished.

Vanquished Creatures (collateral kills)
  A wraith (D:10)
  2 yaks (D:10)
  A steam dragon (D:10)
  2 ice beasts (D:7)
  An orc wizard (D:7)
  4 gnolls
  2 orcs
  2 bats (D:10)
  15 foxfires (D:10)
30 creatures vanquished.

Vanquished Creatures (others)
  An unseen horror zombie (D:9)
  A slime creature zombie (D:11)
  7 yak zombies (D:9)
  A bullfrog zombie (D:10)
  A centaur zombie (D:9)
  A kobold zombie (D:10)
  An orc wizard (D:8)
  3 killer bee zombies
  A sky beast zombie (D:6)
  An ice beast zombie (D:7)
  2 hound zombies
  2 howler monkey zombies
  A spectral white imp (D:8)
  3 bat zombies (D:10)
  2 gnoll zombies
  16 orc zombies
  1651 foxfires
1695 creatures vanquished.

Grand Total: 1963 creatures vanquished

Notes
Turn   | Place    | Note
-------+----------+-------------------------------------------
     0 | D:1      | Maratek the Djinni Fire Elementalist began the quest for
                  | the Orb.
     0 | D:1      | Maratek set off with the following spells memorised:
                  | Foxfire, Scorch, Volatile Blastmotes, Inner Flame, Flame
                  | Wave.
     0 | D:1      | Reached XP level 1. HP: 15/15 MP: 0/0
   311 | D:1      | Reached XP level 2. HP: 14/21 MP: 0/0
   679 | D:1      | Found a faded altar of an unknown god.
  1408 | D:2      | Reached XP level 3. HP: 21/25 MP: 0/0
  1408 | D:2      | Learned a level 1 spell: Summon Small Mammal
  1530 | D:2      | Found Suytoc's Magic Scroll Emporium.
  1536 | D:2      | Bought a scroll of identify for 26 gold pieces
  2132 | D:3      | You are sucked into a shaft and drop 2 floors!
  2132 | D:5      | Entered Level 5 of the Dungeon
  2146 | D:5      | Noticed a water moccasin
  2179 | D:3      | Reached XP level 4. HP: 20/31 MP: 0/0
  2463 | D:3      | Noticed Robin
  2472 | D:3      | Killed Robin
  2539 | D:3      | Reached XP level 5. HP: 33/35 MP: 0/0
  2539 | D:3      | Learned a level 2 spell: Wereblood
  2804 | D:3      | Noticed Jessica
  2808 | D:3      | Killed Jessica
  3351 | D:4      | Found a runed translucent gate.
  3359 | D:4      | Reached XP level 6. HP: 37/41 MP: 0/0
  3527 | D:4      | Found a runed translucent gate.
  3527 | D:4      | Found a runed translucent gate.
  3527 | D:4      | Noticed bmj180's ghost (amateur HuCj)
  3528 | D:4      | Noticed Crescendo's ghost (weakling DsDe)
  4040 | D:4      | Found a blossoming altar of Fedhas.
  4161 | D:4      | Reached skill level 1 in Fighting
  4365 | D:5      | Killed a water moccasin
  4583 | D:5      | Reached XP level 7. HP: 41/47 MP: 0/0
  4583 | D:5      | Learned a level 3 spell: Sigil of Binding
  4632 | D:5      | Noticed a water moccasin
  4638 | D:5      | Killed a water moccasin
  4947 | D:5      | Reached skill level 5 in Spellcasting
  4947 | D:5      | Reached skill level 5 in Conjurations
  4947 | D:5      | Reached skill level 5 in Hexes
  4947 | D:5      | Reached skill level 5 in Summonings
  4947 | D:5      | Reached skill level 5 in Necromancy
  4947 | D:5      | Reached skill level 5 in Translocations
  4947 | D:5      | Reached skill level 5 in Transmutations
  4947 | D:5      | Reached skill level 5 in Fire Magic
  4947 | D:5      | Reached skill level 5 in Ice Magic
  4947 | D:5      | Reached skill level 5 in Air Magic
  4947 | D:5      | Reached skill level 5 in Earth Magic
  4947 | D:5      | Reached skill level 5 in Poison Magic
  4947 | D:5      | Reached XP level 8. HP: 45/55 MP: 0/0
  5364 | D:5      | Identified the staff of Theory {rElec rF+ Str-5 Int+6 Fire}
  6073 | D:6      | Found a runed translucent door.
  6074 | D:6      | Noticed Crazy Yiuf
  6180 | D:6      | Noticed Dowan
  6182 | D:6      | Noticed Duvessa
  6191 | D:6      | Killed Duvessa
  6192 | D:6      | Killed Dowan
  6248 | D:6      | Noticed Grinder
  6258 | D:6      | Killed Grinder
  6259 | D:6      | Reached skill level 5 in Dodging
  6259 | D:6      | Reached skill level 5 in Stealth
  6259 | D:6      | Reached XP level 9. HP: 53/59 MP: 0/0
  6259 | D:6      | Learned a level 4 spell: Dimensional Bullseye
  6534 | D:6      | Found a staircase to the Ecumenical Temple.
  6542 | Temple   | Entered the Ecumenical Temple
  6576 | Temple   | Became a worshipper of Yredelemnul the Dark
  6768 | D:6      | Reached * piety under Yredelemnul
  7590 | D:6      | Found a glowing golden altar of the Shining One.
  7942 | D:7      | Reached ** piety under Yredelemnul
  8083 | D:7      | Reached *** piety under Yredelemnul
  8092 | D:7      | Reached XP level 10. HP: 51/67 MP: 0/0
  8399 | D:7      | Reached **** piety under Yredelemnul
  8533 | D:7      | Found a sparkling altar of Nemelex Xobeh.
  8565 | D:7      | Found an ornate altar of the Wu Jian Council.
  9292 | D:8      | Noticed a purple ugly thing
  9494 | D:8      | Killed a purple ugly thing
 10454 | D:9      | Identified the +2 bardiche of Fragile Peace {heavy, *Slow
                  | rN+ Int+3 Dex+5}
 11072 | D:9      | Reached XP level 11. HP: 60/73 MP: 0/0
 11072 | D:9      | Learned a level 4 spell: Cause Fear
 11210 | D:9      | Noticed a two-headed ogre
 11231 | D:9      | Killed a two-headed ogre
 11417 | D:9      | Reached skill level 5 in Fighting
 12542 | D:10     | Entered Level 10 of the Dungeon
 12743 | D:10     | Noticed an elephant
 13317 | D:10     | Killed an elephant
 13604 | D:10     | Noticed a sixfirhy
 13607 | D:10     | Reached skill level 10 in Spellcasting
 13607 | D:10     | Reached skill level 10 in Conjurations
 13607 | D:10     | Reached skill level 10 in Hexes
 13607 | D:10     | Reached skill level 10 in Summonings
 13607 | D:10     | Reached skill level 10 in Necromancy
 13607 | D:10     | Reached skill level 10 in Translocations
 13607 | D:10     | Reached skill level 10 in Transmutations
 13607 | D:10     | Reached skill level 10 in Fire Magic
 13607 | D:10     | Reached skill level 10 in Ice Magic
 13607 | D:10     | Reached skill level 10 in Air Magic
 13607 | D:10     | Reached skill level 10 in Earth Magic
 13607 | D:10     | Reached skill level 10 in Poison Magic
 14132 | D:10     | Found a staircase to the Lair.
 14207 | D:10     | Noticed a stone giant
 14481 | D:11     | Reached skill level 10 in Dodging
 14481 | D:11     | Noticed a centaur warrior
 14502 | D:11     | HP: 1/76 [centaur warrior/arrow (12)]
 14503 | D:11     | Shot with an arrow by a centaur warrior

Illustrated notes

Levels and vault maps discovered:
D:1:      heliophobic_arrival_dark_side_of_the_moon, layout_loops_ring,
          dreamdust_ecumenical_altar_hidden_monk_grotto
D:2:      layout_loops_corners, serial_shops, shop
D:3:      layout_basic, uniq_robin, uniq_jessica
D:4:      layout_basic, mainiacjoe_overflow_cross_hatched,
          gammafunk_ghost_cemetery, serial_curves, eino_curves_03,
          eino_curves_01, eino_curves_03, eino_curves_03
D:5:      layout_loops_ring, lightli_sewer_entry_pipes, corner_web_ring,
          chequers_jeans, chequers_mini_garden, guppyfry_early_orc_mine
D:6:      layout_layer_cave, tso_oasis_becter, temple_green, uniq_grinder,
          uniq_duvessa, uniq_crazy_yiuf_cottage
D:7:      layout_cave_pools, mainiacjoe_overflow_catwalk_spiral,
          serial_co_window_serial, co_window_of_opportunity_a,
          co_window_corner_a, co_window_paths_b, co_window_corner_a,
          co_window_paths_b, co_window_broadway_c, co_window_corner_cb,
          co_window_2corner, glass_columns_a
D:8:      layout_basic, kennysheep_another_room
D:9:      lemuel_ice_statue, layout_long_grid, minmay_circle_x
D:10:     layout_long_grid, grunt_lair_entry_orc_guard_hut,
          grunt_decor_mini_mirrors, roderic_batcave, kennysheep_just_a_vault
D:11:     layout_cave_pools
Temple:   nicolae_temple_bog_church

Skill      XL: |  1  2  3  4  5  6  7  8  9 10 11 |
---------------+----------------------------------+-----
Spellcasting   | 4 5 6 7 9 10 | 10.2
Conjurations   | 4 5 6 7 9 10 | 10.2
Hexes          | 4 5 6 7 9 10 | 10.2
Summonings     | 4 5 6 7 9 10 | 10.2
Necromancy     | 4 5 6 7 9 10 | 10.2
Translocations | 4 5 6 7 9 10 | 10.2
Transmutations | 4 5 6 7 9 10 | 10.2
Fire Magic     | 4 5 6 7 9 10 | 10.2
Ice Magic      | 4 5 6 7 9 10 | 10.2
Air Magic      | 4 5 6 7 9 10 | 10.2
Earth Magic    | 4 5 6 7 9 10 | 10.2
Poison Magic   | 4 5 6 7 9 10 | 10.2
Stealth        | 2 3 5 6 |  6.2
Dodging        | 3 4 5 6 8 10 | 10.0
Fighting       | 1 2 3 4 6 |  6.1
Unarmed Combat | |  0.2

Action                     |  1- 3 |  4- 6 |  7- 9 | 10-12 || total
---------------------------+-------+-------+-------+-------++-------
  Melee: Unarmed           |     2 |       |       |       ||     2
         Staff             |       |       |     2 |     1 ||     3
   Cast: Foxfire           |   101 |   178 |   300 |   520 ||  1099
         Flame Wave        |       |       |       |    15 ||    15
         Scorch            |       |       |       |     5 ||     5
         Summon Small Mamm |       |       |       |     1 ||     1
         Sigil of Binding  |       |       |       |     1 ||     1
    Use: Scroll            |     2 |     4 |     3 |    12 ||    21
 Armour: Robe              |    14 |    31 |    22 |   121 ||   188
  Dodge: Dodged            |    11 |    20 |    30 |   151 ||   212

Table legend: (Time is in decaauts)
 A = Elapsed time spent in this place.
 B = Non-inter-level travel time spent in this place.
 C = Inter-level travel time spent in this place.
 D = Time resting spent in this place.
 E = Time spent auto-exploring this place.
 F = Levels seen in this place.
 G = Mean time per level.
                   A        B        C        D        E       F      G
               +--------+--------+--------+--------+--------+-----+--------+
         Total |  14505 |  13697 |    808 |   2556 |   8873 |  12 | 1208.8 |
       Dungeon |  14463 |  13686 |    777 |   2556 |   8873 |  11 | 1314.8 |
        Temple |     42 |     11 |     31 |      0 |      0 |   1 |   42.0 |
               +--------+--------+--------+--------+--------+-----+--------+

Top non-repeatable levels by time:
     D:9: 2424 daAuts
     D:6: 2022 daAuts
    D:10: 1625 daAuts
     D:5: 1590 daAuts
     D:8: 1326 daAuts
     D:3: 1160 daAuts
     D:7: 1110 daAuts
     D:2: 1067 daAuts
     D:1: 1031 daAuts
     D:4: 996 daAuts
    D:11: 107 daAuts
  Temple: 42 daAuts
